APL (24 & UNDER)
SAVANNAH HOGS @ EL PASO TEXANS
04/29/2029
 
TOP OF THE 1ST
Savannah Hogs batting - Pitching for El Paso Texans : RHP Derek Baker
Pitching: RHP Derek Baker
Batting: RHB Ramón Gómez 0-0: Ball
1-0: Called Strike
1-1: Called Strike
1-2: Ball
2-2: Ball
3-2: Foul Ball, location: 2F
3-2: Base on Balls
Batting: LHB Alberto Castellanos 0-0: Ball
1-0: Foul Ball, location: 2F
1-1: Called Strike
Ramón Gómez steals 2nd base
1-2: Foul Ball, location: 2F
1-2: Ball
2-2: Ball
3-2: Foul Ball, location: 2F
3-2: Strikes out looking
Batting: LHB Marv Gardner 0-0: Ball
Ramón Gómez steals 3rd base
1-0: Ball
2-0: Ball
3-0: Called Strike
3-1: Called Strike
3-2: Foul Ball, location: 2F
3-2: Base on Balls
Batting: RHB Rick Holman 0-0: Ball
1-0: Ball
2-0: Ball
3-0: Base on Balls
Marv Gardner to second
Batting: SHB Juan Soriano 0-0: Fly out, F8 (Flyball, 78S)
Runner from 3rd tags up, SCORES, no throw
Batting: RHB Miguel Cervantes 0-0: Foul Ball, location: 2F
0-1: Called Strike
0-2: Ball
1-2: Fly out, F8 (Flyball, 8LD)
Top of the 1st over - 1 run, 0 hits, 0 errors, 2 left on base; Savannah 1 - El Paso 0
BOTTOM OF THE 1ST
El Paso Texans batting - Pitching for Savannah Hogs : RHP Javier Franco
Pitching: RHP Javier Franco
Batting: LHB Mark Spencer 0-0: Swinging Strike
0-1: SINGLE (Flyball, 8RS)
Batting: RHB Cole Boehmer 0-0: Swinging Strike
0-1: Ball
1-1: Fly out, F7 (Flyball, 7S)
Batting: SHB Richie Gallegos 0-0: Ball
1-0: Grounds into double play, 4-6-3 (Groundball, 4)
Bottom of the 1st over - 0 runs, 1 hit, 0 errors, 0 left on base; Savannah 1 - El Paso 0
TOP OF THE 2ND
Savannah Hogs batting - Pitching for El Paso Texans : RHP Derek Baker
Batting: LHB Felipe Franco 0-0: Foul Ball, location: 2F
0-1: Swinging Strike
0-2: Strikes out swinging
Batting: SHB Juan Chávez 0-0: Fly out, F6 (Line Drive, 6)
Batting: RHB Wilson Ortíz 0-0: Foul Ball, location: 2F
0-1: SINGLE (Popup, 34)
Batting: RHB Ramón Gómez 0-0: Called Strike
0-1: Ground out 6-3 (Groundball, 6S)
Top of the 2nd over - 0 runs, 1 hit, 0 errors, 1 left on base; Savannah 1 - El Paso 0
BOTTOM OF THE 2ND
El Paso Texans batting - Pitching for Savannah Hogs : RHP Javier Franco
Batting: RHB José Murillo 0-0: Foul Ball, location: 2F
0-1: Ball
1-1: Foul Ball, location: 2F
1-2: Strikes out swinging
Pitching: RHP William Gallegos
Batting: LHB John Fitzgerald 0-0: Ground out 4-3 (Groundball, 4)
Batting: RHB Javier Álvarez 0-0: Ground out 3-1 (Groundball, 34S)
Bottom of the 2nd over - 0 runs, 0 hits, 0 errors, 0 left on base; Savannah 1 - El Paso 0
TOP OF THE 3RD
Savannah Hogs batting - Pitching for El Paso Texans : RHP Derek Baker
Batting: LHB Alberto Castellanos 0-0: Ball
1-0: Swinging Strike
1-1: Ball
2-1: Foul Ball, location: 2F
2-2: SOLO HOME RUN (Flyball, 89XD), Distance : 414 ft
Batting: LHB Marv Gardner 0-0: Ground out 6-3 (Groundball, 6)
Batting: RHB Rick Holman 0-0: Fly out, F7 (Line Drive, 7)
Batting: SHB Juan Soriano 0-0: Fly out, F3 (Popup, 3L)
Top of the 3rd over - 1 run, 1 hit, 0 errors, 0 left on base; Savannah 2 - El Paso 0
BOTTOM OF THE 3RD
El Paso Texans batting - Pitching for Savannah Hogs : RHP William Gallegos
Batting: RHB Domingo Morales 0-0: Called Strike
0-1: Ball
1-1: Ball
2-1: SINGLE (Flyball, 9LM)
Batting: LHB Dave Tucker 0-0: Foul Ball, location: 2F
0-1: Ball
1-1: Swinging Strike
1-2: Fielders Choice at 2nd, 4-6 (Groundball, 4)
Batting: SHB Miguel Hurtado 0-0: Ball
1-0: Foul Ball, location: 2F
1-1: Swinging Strike
1-2: Foul Ball, location: 2F
1-2: Strikes out swinging
Batting: LHB Mark Spencer 0-0: Ball
1-0: Ball
2-0: SINGLE (Groundball, 4D)
Dave Tucker to second
Runner from 2nd tries for 3rd, SAFE, throw made to third
Batting: RHB Cole Boehmer 0-0: Called Strike
0-1: Called Strike
0-2: Ball
1-2: SINGLE (Line Drive, 8LS)
Dave Tucker scores
Mark Spencer to second
Runner from 2nd tries for 3rd, OUT!
Bottom of the 3rd over - 1 run, 3 hits, 0 errors, 1 left on base; Savannah 2 - El Paso 1
TOP OF THE 4TH
Savannah Hogs batting - Pitching for El Paso Texans : RHP Derek Baker
Batting: RHB Miguel Cervantes 0-0: Foul Ball, location: 2F
0-1: Ball
1-1: Foul Ball, location: 2F
1-2: Strikes out swinging, 2-3 out at first.
Batting: LHB Felipe Franco 0-0: SINGLE (Line Drive, 6MD)
Batting: SHB Juan Chávez 0-0: Swinging Strike
Felipe Franco steals 2nd base
0-1: Swinging Strike
0-2: Ball
1-2: Fly out, F9 (Flyball, 9S)
Batting: RHB Wilson Ortíz 0-0: Foul Ball, location: 2F
0-1: Ball
1-1: Ball
2-1: Ground out 3-1 (Groundball, 34S)
Top of the 4th over - 0 runs, 1 hit, 0 errors, 1 left on base; Savannah 2 - El Paso 1
BOTTOM OF THE 4TH
El Paso Texans batting - Pitching for Savannah Hogs : RHP William Gallegos
Batting: SHB Richie Gallegos 0-0: Foul Ball, location: 2F
0-1: Ball
1-1: Ball
2-1: Foul Ball, location: 2F
2-2: Strikes out swinging
Batting: RHB José Murillo 0-0: Ball
1-0: Ball
2-0: Ball
3-0: Called Strike
3-1: Base on Balls
Batting: LHB John Fitzgerald 0-0: Ball
1-0: Fielders Choice at 2nd, 1-6 (Groundball, 13S)
Batting: RHB Javier Álvarez 0-0: Called Strike
0-1: Hit by Pitch
John Fitzgerald to second
Batting: RHB Domingo Morales 0-0: Ball
1-0: Foul Ball, location: 2F
1-1: DOUBLE (Groundball, 5L)
John Fitzgerald scores
Javier Álvarez to third
Batting: LHB Dave Tucker 0-0: Ball
1-0: Ball
2-0: Ball
3-0: Called Strike
3-1: Base on Balls
Batting: SHB Miguel Hurtado 0-0: Called Strike
0-1: Ball
1-1: SINGLE (Flyball, 7LS)
Javier Álvarez scores
Domingo Morales to third
Dave Tucker to second
Runner from 3rd tries for Home, throw and OUT!
Bottom of the 4th over - 2 runs, 2 hits, 0 errors, 2 left on base; Savannah 2 - El Paso 3
TOP OF THE 5TH
Savannah Hogs batting - Pitching for El Paso Texans : RHP Derek Baker
Batting: RHB Ramón Gómez 0-0: Ball
1-0: Called Strike
1-1: Foul Ball, location: 2F
1-2: Ball
2-2: Ground out 2-3 (Groundball, 2R)
Batting: LHB Alberto Castellanos 0-0: Ball
1-0: Ball
2-0: Ball
3-0: Base on Balls
Batting: LHB Marv Gardner 0-0: Ball
1-0: Ball
2-0: SINGLE (Line Drive, 4D)
Alberto Castellanos to second
Runner from 2nd tries for 3rd, OUT!
Batting: RHB Rick Holman 0-0: Called Strike
0-1: Ball
1-1: Ball
2-1: Foul Ball, location: 2F
2-2: Strikes out looking
Top of the 5th over - 0 runs, 1 hit, 0 errors, 1 left on base; Savannah 2 - El Paso 3
BOTTOM OF THE 5TH
El Paso Texans batting - Pitching for Savannah Hogs : RHP William Gallegos
Batting: LHB Mark Spencer 0-0: Ground out 4-3 (Groundball, 4)
Batting: RHB Cole Boehmer 0-0: Ball
1-0: Ball
2-0: Foul Ball, location: 2F
2-1: Swinging Strike
2-2: Ball
3-2: Strikes out swinging
Batting: SHB Richie Gallegos 0-0: Called Strike
0-1: Swinging Strike
0-2: Strikes out swinging
Bottom of the 5th over - 0 runs, 0 hits, 0 errors, 0 left on base; Savannah 2 - El Paso 3
TOP OF THE 6TH
Savannah Hogs batting - Pitching for El Paso Texans : RHP Derek Baker
Batting: SHB Juan Soriano 0-0: Swinging Strike
0-1: Foul Ball, location: 2F
0-2: Ball
1-2: Strikes out swinging
Batting: RHB Miguel Cervantes 0-0: Swinging Strike
0-1: Foul Ball, location: 2F
0-2: Ball
1-2: Ball
2-2: Strikes out swinging
Batting: LHB Felipe Franco 0-0: Ball
1-0: Ball
2-0: Ball
3-0: Called Strike
3-1: Called Strike
3-2: SINGLE (Groundball, 34D)
Batting: SHB Juan Chávez 0-0: Ball
1-0: Ball
2-0: SINGLE (Groundball, 34D)
Felipe Franco to second
Runner from 2nd tries for 3rd, OUT!
Top of the 6th over - 0 runs, 2 hits, 0 errors, 1 left on base; Savannah 2 - El Paso 3
BOTTOM OF THE 6TH
El Paso Texans batting - Pitching for Savannah Hogs : RHP William Gallegos
Pitching: LHP Ricardo Rosário
Batting: RHB José Murillo 0-0: Ball
1-0: Ball
2-0: Foul Ball, location: 2F
2-1: Ball
3-1: Base on Balls
Batting: LHB John Fitzgerald 0-0: Ball
1-0: Called Strike
1-1: Ball
2-1: DOUBLE (Line Drive, 89XD)
José Murillo to third
Batting: RHB Javier Álvarez 0-0: Intentional Walk
Batting: RHB Domingo Morales 0-0: Foul Ball, location: 2F
0-1: Ball
1-1: Ball
2-1: Grounds into fielders choice 5-2 (Groundball, 56)
John Fitzgerald to third
Javier Álvarez to second
Batting: LHB Dave Tucker 0-0: Ball
1-0: Ball
2-0: Foul Ball, location: 2F
2-1: Swinging Strike
2-2: Ball
3-2: Foul Ball, location: 2F
3-2: Foul Ball, location: 2F
3-2: Foul Ball, location: 2F
3-2: Foul Ball, location: 2F
3-2: Base on Balls
John Fitzgerald scores
Javier Álvarez to third
Domingo Morales to second
Batting: SHB Miguel Hurtado 0-0: Ball
1-0: Ball
2-0: Ball
3-0: Base on Balls
Javier Álvarez scores
Domingo Morales to third
Dave Tucker to second
Batting: LHB Mark Spencer 0-0: Ball
1-0: Grounds into fielders choice 4-2 (Groundball, 4MS)
Dave Tucker to third
Miguel Hurtado to second
Batting: RHB Cole Boehmer 0-0: Swinging Strike
0-1: SINGLE (Groundball, 6MD)
Dave Tucker scores
Miguel Hurtado to third
Mark Spencer to second
Runner from 3rd tries for Home, throw and OUT!
Bottom of the 6th over - 3 runs, 2 hits, 0 errors, 2 left on base; Savannah 2 - El Paso 6
TOP OF THE 7TH
Savannah Hogs batting - Pitching for El Paso Texans : RHP Derek Baker
Batting: RHB Wilson Ortíz 0-0: Foul Ball, location: 2F
0-1: Ball
1-1: Ball
2-1: Swinging Strike
2-2: Strikes out swinging
Batting: RHB Ramón Gómez 0-0: Ball
1-0: Ball
2-0: Ball
3-0: Called Strike
3-1: Fly out, F8 (Flyball, 8RM)
Batting: LHB Alberto Castellanos 0-0: Ball
1-0: Ball
2-0: Called Strike
2-1: Ball
3-1: Base on Balls
Pitching: RHP Juan Villa
Batting: LHB Marv Gardner 0-0: Foul Ball, location: 2F
0-1: Ball
1-1: Ball
2-1: Foul Ball, location: 2F
2-2: Ball
3-2: Fly out, F9 (Line Drive, 89S)
Top of the 7th over - 0 runs, 0 hits, 0 errors, 1 left on base; Savannah 2 - El Paso 6
BOTTOM OF THE 7TH
El Paso Texans batting - Pitching for Savannah Hogs : LHP Ricardo Rosário
Pitching: LHP Ben Krieger
Batting: SHB Richie Gallegos 0-0: Ball
1-0: Ball
2-0: Ball
3-0: Base on Balls
Batting: RHB José Murillo 0-0: Fly out, F9 (Flyball, 9)
Batting: LHB John Fitzgerald 0-0: Swinging Strike
0-1: Ball
1-1: Foul Ball, location: 2F
1-2: Strikes out looking
Batting: RHB Javier Álvarez 0-0: Ball
1-0: Swinging Strike
1-1: 2-RUN HOME RUN (Flyball, 78XD), Distance : 423 ft
Batting: RHB Domingo Morales 0-0: Ball
1-0: Ground out 6-3 (Groundball, 6)
Bottom of the 7th over - 2 runs, 1 hit, 0 errors, 0 left on base; Savannah 2 - El Paso 8
TOP OF THE 8TH
Savannah Hogs batting - Pitching for El Paso Texans : RHP Juan Villa
Batting: RHB Rick Holman 0-0: Foul Ball, location: 2F
0-1: Swinging Strike
0-2: Strikes out looking
Batting: SHB Juan Soriano 0-0: Called Strike
0-1: Ball
1-1: Swinging Strike
1-2: Foul Ball, location: 2F
1-2: Strikes out swinging
Batting: RHB Miguel Cervantes 0-0: Called Strike
0-1: Foul Ball, location: 2F
0-2: Fly out, F3 (Popup, 3S)
Top of the 8th over - 0 runs, 0 hits, 0 errors, 0 left on base; Savannah 2 - El Paso 8
BOTTOM OF THE 8TH
El Paso Texans batting - Pitching for Savannah Hogs : LHP Ben Krieger
Batting: LHB Dave Tucker 0-0: Called Strike
0-1: Called Strike
0-2: Ball
1-2: Ball
2-2: Strikes out swinging
Batting: SHB Miguel Hurtado 0-0: Ball
1-0: Fly out, F9 (Flyball, 9LM)
Batting: LHB Mark Spencer 0-0: Called Strike
0-1: Called Strike
0-2: Ball
1-2: Strikes out swinging
Bottom of the 8th over - 0 runs, 0 hits, 0 errors, 0 left on base; Savannah 2 - El Paso 8
TOP OF THE 9TH
Savannah Hogs batting - Pitching for El Paso Texans : RHP Juan Villa
Batting: LHB Felipe Franco 0-0: Ball
1-0: SOLO HOME RUN (Flyball, 9D), Distance : 383 ft
Batting: SHB Juan Chávez 0-0: Called Strike
0-1: Called Strike
0-2: Ball
1-2: Foul Ball, location: 2F
1-2: Ground out U3 (Groundball, 3)
Batting: RHB Wilson Ortíz 0-0: Ball
1-0: Ball
2-0: Ball
3-0: Base on Balls
Batting: RHB Ramón Gómez 0-0: Ball
1-0: Ball
2-0: Ball
3-0: Called Strike
3-1: Called Strike
3-2: Strikes out swinging
Batting: LHB Alberto Castellanos 0-0: Called Strike
0-1: Ground out U3 (Groundball, 3L)
Top of the 9th over - 1 run, 1 hit, 0 errors, 1 left on base; Savannah 3 - El Paso 8
Saturday, December 16th, 2017 - OOTP Baseball 18.8 Build 76